Cogmind - Beta 17 @@@ ROGUE MODE // 2026.07.11 @ 23:21:12 Player: hellbent Result: Smashed by cave-in Performance ------------- Evolutions (3) 1500 Regions Visited (7) 1400 Robots Destroyed (73) 365 Value Destroyed (2462) 2462 Prototype IDs (9) 180 Alien Tech Used (0) 0 Bonus (8895) 8895 TOTAL SCORE: 14802 Bonus ------- Follower Combat Kills 145 Prayed to X0-1V1 5000 Major X0-1V1 Interference 750 Subatomizer Sterilization 3000 Cogmind --------- Core Integrity 0/795 Matter 266/1000 Energy 1376/1675 System Corruption 43% Temperature Cool (0) Movement Treading (240) Ox1 Location -7/Lower Caves Parts ------- > --- POWER (1) -------- Deuterium Engine > --- PROPULSION (3) --- Medium Treads Aluminum Leg > --- UTILITY (6) ------ Improved Heat Sink Coolant Injector Large Storage Unit ECM Suite X0-1V1's Piety Tracker > --- WEAPON (3) ------- Tesla Rifle Heavy Ion Cannon (fused) > --- INVENTORY (15) --- Actuator Array Advanced ECM Suite Tesla Rifle Particle Gun Gauss Cannon Faulty Precision Grenade Launcher Heavy Hammer Peak State ------------ > --- POWER ------------ F-cell Engine > --- PROPULSION ------- Medium Treads Wheel Subdweller Monowheel > --- UTILITY ---------- High-capacity Storage Unit Weapon Mount Improved Particle Charger Transmission Jammer Graphene Brace X0-1V1's Piety Tracker > --- WEAPON ----------- High-powered Shock Rifle Spread Laser Spread Laser > --- INVENTORY -------- Armored Treads Wheel Wheel Wheel Wheel Wheel Wheel Compact Wheel Subdweller Monowheel Large Battery High-capacity Matter Pod Improved Sensor Array Weapon Cycler Actuator Array Transmission Jammer Heavy Assault Rifle Grenade Launcher Grenade Launcher Scimitar of Distortion Phasing Sabre [Rating: 61] Favorites ----------- Power Ion Engine Engine Ion Engine Power Core Nuclear Core Propulsion Light Treads Treads Light Treads Leg Aluminum Leg Wheel Wheel Flight Unit VTOL Module Utility High-capacity Storage Unit Device X0-1V1's Piety Tracker Storage High-capacity Storage Unit Processor Visual Processing Unit Hackware System Shield Protection Hardened Medium Armor Plating Weapon Spread Laser Energy Gun Spread Laser Energy Cannon Heavy Ion Cannon Ballistic Gun Light Assault Rifle Ballistic Cannon Gauss Cannon Launcher Grenade Launcher Impact Weapon Heavy Mace Slashing Weapon Katana Piercing Weapon Spear Build | -11 -10 -10 -8 -7 -7 -7 -7 ------- Run | Yrd Mat Sub Mat Fac Was Fac Low Slots Evolved 6 | . . . 4 2 . . . Power . | . . . . . . . . Propulsion . | . . . . . . . . Utility 4 | . . . 3 1 . . . Weapon 2 | . . . 1 1 . . . Parts Attached 92 | 6 11 6 8 22 3 33 3 Power 9 | 1 1 . . 3 . 4 . Engine 5 | 1 1 . . 1 . 2 . Core 4 | . . . . 2 . 2 . Reactor . | . . . . . . . . Propulsion 23 | 2 2 5 . 2 3 7 2 Treads 7 | . 2 . . 2 . 2 1 Leg 2 | . . . . . . 2 . Wheel 12 | 2 . 5 . . 3 2 . Hover . | . . . . . . . . Flight 2 | . . . . . . 1 1 Utility 31 | 1 3 1 5 10 . 11 . Device 22 | . 1 1 3 7 . 10 . Storage 3 | 1 1 . . . . 1 . Processor 3 | . 1 . 1 1 . . . Hackware 1 | . . . . 1 . . . Protection 2 | . . . 1 1 . . . Artifact . | . . . . . . . . Weapon 29 | 2 5 . 3 7 . 11 1 Energy Gun 15 | 1 3 . 1 3 . 7 . Energy Cannon 4 | . 1 . . 1 . 2 . Ballistic Gun 2 | 1 . . . 1 . . . Ballistic Cannon 2 | . . . . 1 . 1 . Launcher 3 | . 1 . 1 . . 1 . Special Weapon . | . . . . . . . . Impact Weapon 1 | . . . 1 . . . . Slashing Weapon 2 | . . . . 1 . . 1 Piercing Weapon . | . . . . . . . . Special Melee Weapon . | . . . . . . . . Unidentified Prototypes 5 | . 1 . . 3 . 1 . Corrupted Parts 1 | . . . . . . 1 . System Corruption 4 | . . . . . . 4 . Parts Lost 32 | . 1 1 . 7 8 12 3 Power 4 | . 1 . . 1 . 2 . Propulsion 9 | . . . . 1 4 2 2 Utility 9 | . . 1 . 2 1 5 . Weapon 10 | . . . . 3 3 3 1 Highest Loss Streak 8 | . 1 1 . 5 8 5 2 To Critical Strikes 1 | . . . . . . 1 . Average Backups 14 | 2 14 19 19 19 13 3 7 Power . | . 1 1 1 . . . . Propulsion 6 | 1 6 9 9 8 6 . . Utility 2 | . 2 3 2 4 3 1 2 Weapon 4 | . 4 5 6 5 2 1 5 Tool/Special . | . . . . . . . . Unused Backups 18 | . 2 2 1 2 9 . 2 Power 1 | . . . . 1 . . . Propulsion 3 | . . . . . 3 . . Utility 5 | . . 1 . . 4 . . Weapon 9 | . 2 1 1 1 2 . 2 Tool/Special . | . . . . . . . . Average Slot Usage (%) 85 | . 90 98 93 97 58 46 91 Engine 8 | . 13 14 9 2 3 2 7 Core 1 | . . . . 4 . . . Treads 12 | . 21 . 16 11 . 1 5 Leg 1 | . . . . . . 3 15 Wheel 9 | . 6 38 8 9 11 2 . Device 16 | . . 12 26 29 23 18 30 Storage 9 | . 14 14 9 7 3 2 7 Processor 2 | . 5 . 2 . . . . Energy Gun 15 | . 17 16 17 22 12 4 7 Energy Cannon 1 | . 1 . . . . 3 7 Ballistic Gun 2 | . 8 . . . . . . Peak Build Rating 61 | 6 23 23 33 61 60 47 47 Average Rating 26 | 4 8 21 31 46 34 25 45 On Entrance 23 | . 6 23 23 33 60 . 44 Avg Prop Armor Cover (%) 14 | . 16 . 17 12 . 16 11 Naked Turns 77 | . . . . . 46 31 . Heaviest Build 74 | 12 52 52 71 74 74 55 54 Greatest Support 46 | 32 40 46 46 30 40 40 28 Greatest Overweight (x) 16 | . 2 1 7 7 6 16 3 Average Overweight (x) 2 | . . 1 4 3 . 1 1 Largest Inventory Capacity 20 | 8 20 20 20 20 20 15 15 Average Capacity 17 | 6 19 20 20 20 12 8 15 Most Carried 20 | 4 20 20 20 20 20 7 7 Average Carried 14 | 2 14 19 19 19 12 3 7 Final Capacity 20 | 8 20 20 20 20 5 15 15 Final Carried 20 | 4 19 20 20 20 4 7 7 Class Distribution -------------------- 68% | Mutant 12% | Gunner 6% | Scavenger-Gunner 6% | Tank 3% | Skirmisher Dominant Class ---------------- Mutant | -10/Materials Mutant | -10/Subcaves Mutant | -8/Materials Tank | -7/Factory Mutant | -7/Waste Mutant | -7/Factory Mutant | -7/Lower Caves Resources | -11 -10 -10 -8 -7 -7 -7 -7 ----------- Run | Yrd Mat Sub Mat Fac Was Fac Low Matter Collected 2086 | 240 262 280 197 536 . 473 98 Remotely . | . . . . . . . . Salvage Created 2091 | . 300 . 245 763 . 659 124 Parts 113 | . 19 . 9 41 . 36 8 Haulers Intercepted . | . . . . . . . . Recyclers Shooed . | . . . . . . . . Parts Field Recycled . | . . . . . . . . Retrieved Matter . | . . . . . . . . Parts Self-Destructed 11 | . . 7 . . . . 4 Prevented 3 | . . . . . . . 3 Parts Restored . | . . . . . . . . Kills | -11 -10 -10 -8 -7 -7 -7 -7 ------- Run | Yrd Mat Sub Mat Fac Was Fac Low Combat Hostiles Destroyed 61 | . 12 . 8 25 . 12 4 Melee 2 | . . . . . . 1 1 Guns 43 | . 8 . 5 24 . 6 . Cannons 7 | . 2 . . . . 2 3 AOE 9 | . 2 . 3 1 . 3 . Classes Destroyed 11 | . 3 . 3 4 . 1 . Worker 3 | . . . 1 1 . 1 . Recycler 3 | . . . 1 . . 2 . Watcher 5 | . 2 . 1 1 . 1 . Swarmer 20 | . 6 . 3 3 . 5 3 Cutter 1 | . . . . . . 1 . Grunt 26 | . 6 . 2 14 . 4 . Brawler 2 | . . . . 1 . 1 . Sentry 5 | . . . 3 1 . 1 . Hunter 2 | . . . . 2 . . . Programmer 5 | . . . . 3 . 1 1 Heavy 1 | . . . . 1 . . . Best Kill Streak 10 | . 3 . 4 4 . 10 3 Combat Bots Only 4 | . 3 . 3 3 . 4 3 Max Kills in Single Turn 2 | . 2 . 2 2 . 2 1 Gunslinging . | . . . . . . . . Exploded 2 | . 2 . 2 1 . 2 . Melee 1 | . . . . . . 1 1 Uniques/NPCs Destroyed . | . . . . . . . . Combat | -11 -10 -10 -8 -7 -7 -7 -7 -------- Run | Yrd Mat Sub Mat Fac Was Fac Low Hostile Shots Fired 485 | . 45 2 40 98 7 266 27 Missed 157 | . 8 . 12 28 . 99 10 Hits 328 | . 37 2 28 70 7 167 17 Melee 18 | . . . . . 7 11 . Projectile 310 | . 37 2 28 70 . 156 17 AOE 2 | . . . . 1 . 1 . Critical Strikes 14 | . . . 1 3 5 5 . Actively Blocked 2 | . . . . . 2 . . Part Disruptions 2 | . . . . . . 2 . Damage Taken 5269 | . 351 206 379 1372 309 2058 594 Core 1577 | . 63 47 . 213 160 1007 87 Absorbed by Shields 36 | . . . . . . 36 . Ignored by Resistances 80 | . . . . . 8 72 . Regen/Repaired (Parts) 226 | . . . 226 . . . . Core Remaining (%) 100 | 100 . 100 100 . . . . Volleys Fired 159 | . 37 4 25 46 4 37 6 Largest 3 | . 2 1 2 3 1 3 3 Hottest 199 | . 130 65 130 199 65 189 170 Shots Fired 345 | . 70 4 48 135 4 68 16 Gun 295 | . 61 4 46 129 1 48 6 Cannon 44 | . 8 . . 6 . 20 10 Launcher 6 | . 1 . 2 . 3 . . Special . | . . . . . . . . Kinetic 51 | . 30 . . 6 . 10 5 Thermal 255 | . 39 4 46 120 1 40 5 Explosive 6 | . 1 . 2 . 3 . . Electromagnetic 33 | . . . . 9 . 18 6 Robot Hit Streak 26 | . 7 6 14 25 26 11 6 Robot Miss Streak 9 | . 9 2 6 6 2 4 2 Penetration Max . | . . . . . . . . Secondary Targets 4 | . 1 . . 2 . 1 . Max Gunslinging Chain 1 | . 1 . . 1 . 1 . Shots Hit Robots 253 | . 40 4 43 107 3 44 12 Core Hits 299 | . 26 6 54 184 1 24 4 Critical Kills . | . . . . . . . . Critical Parts Destroyed . | . . . . . . . . Critical Strikes 3 | . . . . . . 1 2 Blast 2 | . . . . . . 1 1 Corrupt 1 | . . . . . . . 1 Melee Attacks 30 | . . . 1 . 2 18 9 Impact 1 | . . . 1 . . . . Slashing 11 | . . . . . 2 . 9 Piercing 18 | . . . . . . 18 . Sneak Attacks . | . . . . . . . . Combat Hostiles . | . . . . . . . . Follow-up Attacks . | . . . . . . . . Damage Inflicted 5011 | . 566 66 909 2082 189 911 288 Guns 3722 | . 362 66 631 2032 26 518 87 Cannons 590 | . 103 . . 41 . 277 169 Explosions 543 | . 101 . 278 . 128 36 . Melee 128 | . . . . . 35 61 32 Ramming 28 | . . . . 9 . 19 . Kinetic 380 | . 131 . . 41 . 152 56 Thermal 3558 | . 334 66 631 1874 26 514 113 Explosive 507 | . 101 . 278 . 128 . . Electromagnetic 410 | . . . . 158 . 165 87 Impact . | . . . . . . . . Slashing 67 | . . . . . 35 . 32 Piercing 61 | . . . . . . 61 . Highest Corruption 36 | . . . . 8 22 35 36 Average Corruption 19 | . . . . 5 15 29 35 Corruption Purged . | . . . . . . . . Corruption Blocked . | . . . . . . . . Effects 114 | . . . . 30 7 51 26 Message Errors 24 | . . . . 8 2 10 4 Matter Fused 25 | . . . . 8 1 10 6 Heat Flow Errors 16 | . . . . 2 . 9 5 Energy Discharges 10 | . . . . 4 2 1 3 Parts Rejected 2 | . . . . 1 . 1 . Parts Fused 3 | . . . . 2 . . 1 Data Loss (minor) 15 | . . . . 4 1 8 2 Data Loss (major) 5 | . . . . . . 4 1 Misfires 2 | . . . . . . 1 1 Alerts 1 | . . . . . . 1 . Misdirections 6 | . . . . . 1 5 . Weapon Failures 5 | . . . . 1 . 1 3 Overload Shots . | . . . . . . . . Overflow Damage 46 | . 1 . 34 . . 7 4 Projectiles 11 | . . . . . . 7 4 Explosions 35 | . 1 . 34 . . . . Melee . | . . . . . . . . Knockbacks 1 | . . . . . . 1 . Impact . | . . . . . . . . Kinetic 1 | . . . . . . 1 . Secondary . | . . . . . . . . Self-Inflicted Damage 78 | . . . . 4 39 35 . Shots 2 | . . . . . 1 1 . Rammed 7 | . . . . 1 . 6 . Targets Rammed 7 | . . . . 1 . 6 . Kicked . | . . . . . . . . Crushed . | . . . . . . . . Highest Temperature 411 | . 240 . 411 232 . 376 170 Average Temperature 90 | . 58 . 164 67 . 109 74 Received Heat Transfer 1050 | . 120 9 144 327 . 450 . Siege Activations . | . . . . . . . . Martial Activations . | . . . . . . . . Shielding Activations . | . . . . . . . . Robots Disrupted . | . . . . . . . . Combat Hostiles . | . . . . . . . . Robots Corrupted . | . . . . . . . . Combat Hostiles . | . . . . . . . . Parts Fried . | . . . . . . . . Impact Corruptions . | . . . . . . . . Robots Melted . | . . . . . . . . Combat Hostiles . | . . . . . . . . Parts Melted . | . . . . . . . . Heat Transferred 5049 | . 652 80 790 2263 30 1086 148 Parts Sabotaged . | . . . . . . . . Parts Stolen . | . . . . . . . . Parts Stripped . | . . . . . . . . Power Chain Reactions 1 | . . . . . . 1 . Alert | -11 -10 -10 -8 -7 -7 -7 -7 ------- Run | Yrd Mat Sub Mat Fac Was Fac Low Maximum Alert Level 1 | . . . . 1 . . . Low Security (%) 99 | 100 100 . 100 96 100 100 . Level 1 . | . . . . 3 . . . Level 2 . | . . . . . . . . Level 3 . | . . . . . . . . Level 4 . | . . . . . . . . Level 5 . | . . . . . . . . High Security . | . . . . . . . . Max Security . | . . . . . . . . Sterilizations 1 | . . . . . . 1 . Peak Influence 223 | . 85 . 142 223 75 102 . Initial 75 | . . . . . 75 . . Average 35 | . 16 . 33 62 32 43 . Influence Increases 1821 | . 325 . 233 696 30 437 100 Destroy 0b10 Robot/C 1300 | . 240 . 160 520 . 300 80 Destroy 0b10 Robot/NC 55 | . 10 . 15 10 . 20 . Destroy Leader 320 | . 54 . 42 132 . 72 20 Allied During Kill 23 | . . . . 2 . 21 . Successful Hack 18 | . 15 . 3 . . . . Destroy Structure 45 | . 6 . 13 2 15 9 . Partial Spotted 15 | . . . . . 15 . . Lose Combat Pursuer 45 | . . . . 30 . 15 . Influence Decreases 1821 | . 325 . 233 479 247 407 130 Entered New Map 154 | . . . . . 142 . 12 Time Decay 1375 | . 325 . 233 390 60 257 110 Lost Part 212 | . . . . 69 45 90 8 Lost Ally 80 | . . . . 20 . 60 . Squads Dispatched 17 | . 3 . . 7 . 7 . Investigation 4 | . . . . 3 . 1 . Extermination 3 | . . . . 2 . 1 . Reinforcement 8 | . 3 . . 2 . 3 . Assault 2 | . . . . . . 2 . Garrison . | . . . . . . . . Intercept . | . . . . . . . . Searches Triggered . | . . . . . . . . Construction Impeded 1 | . . . . . . 1 . Haulers Reinforced . | . . . . . . . . Active Scanning Responses . | . . . . . . . . Cargo Convoy Interrupts . | . . . . . . . . Stealth | -11 -10 -10 -8 -7 -7 -7 -7 --------- Run | Yrd Mat Sub Mat Fac Was Fac Low Distress Signals 5 | . 1 . . 2 . 2 . Communications Jammed 18 | . . . . 18 . . . Distress Signals 16 | . . . . 16 . . . Times Spotted 116 | . 20 5 15 37 5 30 4 Peak Tracking Total 11 | . 4 2 4 4 5 11 3 Tactical Retreats 4 | . . . . 2 . 2 . ECM-based Alert Blocks 1 | . . . . . . 1 . Traps | -11 -10 -10 -8 -7 -7 -7 -7 ------- Run | Yrd Mat Sub Mat Fac Was Fac Low Traps Triggered 9 | . 1 3 1 2 . 2 . Indirectly . | . . . . . . . . Trap Hack Attempts . | . . . . . . . . Triggered . | . . . . . . . . Disarmed . | . . . . . . . . Reprogrammed . | . . . . . . . . Reused . | . . . . . . . . Traps Extracted . | . . . . . . . . Installed . | . . . . . . . . Triggered . | . . . . . . . . Machines | -11 -10 -10 -8 -7 -7 -7 -7 ---------- Run | Yrd Mat Sub Mat Fac Was Fac Low Machines Disabled . | . . . . . . . . Max in Single Turn . | . . . . . . . . Garrison Access 1 | . . . . . . 1 . Machines Repaired . | . . . . . . . . Machines Dismantled . | . . . . . . . . Machines Sabotaged . | . . . . . . . . Overloaded Fab Kills . | . . . . . . . . Hacking | -11 -10 -10 -8 -7 -7 -7 -7 --------- Run | Yrd Mat Sub Mat Fac Was Fac Low Machines Accessed 11 | . 3 . 3 3 . 2 . Terminals 6 | . 3 . 1 1 . 1 . Fabricators 1 | . . . . 1 . . . Repair Stations 2 | . . . 2 . . . . Recycling Units 1 | . . . . . . 1 . Scanalyzers 1 | . . . . 1 . . . Garrison Access . | . . . . . . . . Total Hacks 35 | . 10 . 10 10 . 5 . Successful 21 | . 4 . 9 7 . 1 . Failed 14 | . 6 . 1 3 . 4 . Catastrophic 3 | . 2 . . . . 1 . Database Lockouts . | . . . . . . . . Manual 14 | . 9 . 3 2 . . . Terminals 19 | . 10 . 4 2 . 3 . Fabricators 3 | . . . . 3 . . . Repair Stations 6 | . . . 6 . . . . Recycling Units 2 | . . . . . . 2 . Scanalyzers 5 | . . . . 5 . . . Garrison Access . | . . . . . . . . Terminal Hacks 5 | . 2 . 2 . . 1 . Prototype ID Bank 2 | . 1 . 1 . . . . Locate Traps 3 | . 1 . 1 . . 1 . Fabricator Hacks 2 | . . . . 2 . . . Load Schematic 1 | . . . . 1 . . . Build 1 | . . . . 1 . . . Repair Station Hacks 6 | . . . 6 . . . . Scan Component 3 | . . . 3 . . . . Repair 3 | . . . 3 . . . . Recycling Unit Hacks . | . . . . . . . . Scanalyzer 5 | . . . . 5 . . . Insert Component 1 | . . . . 1 . . . Analyze 1 | . . . . 1 . . . Retrieve Study 3 | . . . . 3 . . . Garrison Access Hacks . | . . . . . . . . Unauthorized Hacks 3 | . 2 . 1 . . . . Terminals 3 | . 2 . 1 . . . . Botnet 3 | . 2 . 1 . . . . Fabricators . | . . . . . . . . Repair Stations . | . . . . . . . . Recycling Units . | . . . . . . . . Scanalyzers . | . . . . . . . . Garrison Access . | . . . . . . . . Data Cores Recovered . | . . . . . . . . Used . | . . . . . . . . Hacking Detections 10 | . 3 . 2 3 . 2 . Full Trace Events 3 | . . . . 2 . 1 . Feedback Events . | . . . . . . . . Feedback Blocked . | . . . . . . . . Robot Schematics Acquired . | . . . . . . . . Robots Built . | . . . . . . . . Authchips . | . . . . . . . . Time . | . . . . . . . . Total Robot Build Rating . | . . . . . . . . Part Schematics Acquired 1 | . . . . 1 . . . Parts Built 1 | . . . . 1 . . . Authchips . | . . . . . . . . Time 51 | . . . . 51 . . . Total Part Build Rating 1 | . . . . 1 . . . Part Studies Acquired 3 | . . . . 3 . . . Parts Repaired 3 | . . . 3 . . . . Time 84 | . . . 84 . . . . Parts Recycled . | . . . . . . . . Recycled Matter . | . . . . . . . . Retrieved Matter . | . . . . . . . . Retrieved Components . | . . . . . . . . Parts Scanalyzed 1 | . . . . 1 . . . Part Schematics Acquired 1 | . . . . 1 . . . Parts Damaged 1 | . . . . 1 . . . Bothacking | -11 -10 -10 -8 -7 -7 -7 -7 ------------ Run | Yrd Mat Sub Mat Fac Was Fac Low Used RIF Installer . | . . . . . . . . Robots Hacked . | . . . . . . . . Non-combat . | . . . . . . . . Combat . | . . . . . . . . Robot Hacks Applied . | . . . . . . . . Relay Couplers Released 1 | . . . . . . 1 . Machine Destruction 1 | . . . . . . 1 . Fabnet Peak Effective % . | . . . . . . . . Robots Rewired . | . . . . . . . . Allies Hacked . | . . . . . . . . Hacks Repelled . | . . . . . . . . Allies | -11 -10 -10 -8 -7 -7 -7 -7 -------- Run | Yrd Mat Sub Mat Fac Was Fac Low Total Allies 6 | . . . . 1 . 5 . Largest Group 5 | . . . . 1 . 5 . Highest-Rated Group 60 | . . . . 57 . 60 . Highest-Rated Ally 57 | . . . . 57 . 12 . Total Orders . | . . . . . . . . Ally Attacks 47 | . . . . 12 . 35 . Total Damage 685 | . . . . 291 . 394 . Kills 5 | . . . . 1 . 4 . Allies Corrupted . | . . . . . . . . Allies Melted . | . . . . . . . . X0-1V1 Amusement Gains 168 | . 12 10 . 55 2 40 49 Good Acts 33 | . . 4 3 9 4 10 3 Bad Acts 7 | . . 1 . 4 . 2 . Intel | -11 -10 -10 -8 -7 -7 -7 -7 ------- Run | Yrd Mat Sub Mat Fac Was Fac Low Active Infowar (turns) 3359 | . 725 . 590 1123 88 432 401 Optics 727 | . 725 . . 2 . . . Sensors 216 | . . . . 216 . . . Jamming 1710 | . . . 590 1032 88 . . ECM 833 | . . . . . . 432 401 Robot Analysis Total . | . . . . . . . . Derelict Logs Recovered 1 | . . 1 . . . . . Drone Launches . | . . . . . . . . Drone Recoveries . | . . . . . . . . Exploration | -11 -10 -10 -8 -7 -7 -7 -7 ------------- Run | Yrd Mat Sub Mat Fac Was Fac Low Turns Passed 5821 | 45 1789 476 857 1157 146 951 400 Spaces Moved 2888 | 33 638 369 374 607 134 590 143 Core 454 | 1 . . . . 102 351 . Treads 548 | . 376 . 12 . . 31 129 Legs 13 | . . . . . . 5 8 Wheels 1873 | 32 262 369 362 607 32 203 6 Hover . | . . . . . . . . Flight . | . . . . . . . . Fastest Speed 50 | 50 100 101 109 102 50 50 135 Average Speed 145 | 98 187 109 159 137 62 120 236 Slowest Speed 850 | 100 240 115 240 175 160 850 260 Overloaded Moves . | . . . . . . . . Propulsion Burnouts . | . . . . . . . . Robots Hopped . | . . . . . . . . Potential Cave-ins 15 | . . . . . . 11 4 Cave-ins Triggered 1 | . . . . . . . 1 Exploration Rate (%) 35 | 2 93 23 38 24 71 16 19 Regions Visited 7 Branch Regions 2 Pre-discovered Areas . | . . . . . . . . Known Exits Taken 1 | . . . 1 . . . . Unknown Exits Taken 4 | 1 1 1 . . . 1 . Scrap Searched 3 | . . 3 . . . . . Spaces Dug 20 | . . . 1 . . 12 7 Terrain Destroyed 60 | . 6 . 12 . 15 17 10 Melee 20 | . . . 1 . . 12 7 Projectile 8 | . . . . . . 5 3 AOE 32 | . 6 . 11 . 15 . . Terrain Rammed . | . . . . . . . . Walls Destroyed . | . . . . . . . . Machines Disabled . | . . . . . . . . Actions | -11 -10 -10 -8 -7 -7 -7 -7 --------- Run | Yrd Mat Sub Mat Fac Was Fac Low Total 4146 | 42 1159 433 581 832 188 734 177 Wait 833 | . 434 43 158 123 43 17 15 Move 2882 | 32 637 368 373 607 133 589 143 Hop . | . . . . . . . . Pick Up 42 | 4 18 4 4 6 1 5 . Fast Attach 74 | 6 8 1 7 19 1 30 2 Attach 24 | . 2 2 3 6 3 8 . Detach 13 | . . . 1 6 . 6 . Swap 31 | . 16 5 6 2 1 . 1 Drop 42 | . 7 6 3 16 . 9 1 Fire 159 | . 37 4 25 46 4 37 6 Melee 30 | . . . 1 . 2 18 9 Ram 7 | . . . . 1 . 6 . Kick . | . . . . . . . . Crush . | . . . . . . . . Escape Stasis 9 | . . . . . . 9 . Rewire . | . . . . . . . . Trap . | . . . . . . . . Miscellaneous . | . . . . . . . . Route ------- -11/Scrapyard -10/Materials (discovered 5 exits: [*Mat x3] / [*Min] / [*Sub]) -10/Subcaves -8/Materials (discovered 2 exits: *Fac x2) -7/Factory -7/Waste -7/Factory -7/Lower Caves (discovered 1 exit: Low) History --------- Turn | Location | Event 32 | -11/Scrapyard | Discovered new exit (range 12) 46 | -11/Scrapyard | Entered Materials 302 | -10/Materials | Build established: Mutant 521 | -10/Materials | Discovered new exit (range 14) 818 | -10/Materials | Discovered new exit (range 15) 919 | -10/Materials | Discovered new exit (range 5) 1521 | -10/Materials | Discovered new exit (range 15) 1795 | -10/Materials | Discovered new exit (range 10) 1817 | -10/Materials | Prayed at D.C.S.S. Altar Unit 1835 | -10/Materials | Entered Subcaves 1838 | -10/Subcaves | Core integrity restored by X0-1V1 (+37) 1888 | -10/Subcaves | Learned 4 Materials zone layouts 1917 | -10/Subcaves | X0-1V1 mutated your Weapon slot to Propulsion slot 2062 | -10/Subcaves | X0-1V1 activates XOMVISION 2245 | -10/Subcaves | Discovered new exit (range 7) 2257 | -10/Subcaves | Ranged accuracy permanently improved by X0-1V1 (+8%; -80 max core) 2311 | -10/Subcaves | Entered Materials 2311 | -8/Materials | Evolved 4 slots: Utility x3, Weapon x1 2532 | -8/Materials | Identified exit to Factory 2532 | -8/Materials | X0-1V1 revealed exit location to -7/Factory 2779 | -8/Materials | Repaired Lgt. Treads 2935 | -8/Materials | Repaired Spread Laser 2963 | -8/Materials | Repaired Wheel 3052 | -8/Materials | X0-1V1 activates XOMVISION 3144 | -8/Materials | Discovered exit to Factory (range 16) 3168 | -8/Materials | Entered Factory 3168 | -7/Factory | Evolved 2 slots: Utility x1, Weapon x1 3213 | -7/Factory | Identified exit to Factory 3213 | -7/Factory | X0-1V1 revealed exit location to -6/Factory 3519 | -7/Factory | Heat dissipation permanently improved by X0-1V1 (+25; -125 max core) 3596 | -7/Factory | X0-1V1 activates XOMVISION 3767 | -7/Factory | Fabricated Grenade Launcher (x1) 3886 | -7/Factory | X0-1V1 sent allied Chaos Knight (x1) 3917 | -7/Factory | Lost 5 parts (1p1n1u2w) 4085 | -7/Factory | X0-1V1 sent you to a vault 4099 | -7/Factory | Found Prototype Slashing Weapon 4099 | -7/Factory | Identified Scimitar of Distortion 4325 | -7/Factory | Sucked down chute 4325 | -7/Factory | Entered Waste 4337 | -7/Waste | Spotted C-40 Crusher 4340 | -7/Waste | EMP discharged 4340 | -7/Waste | System corruption reached 10% 4386 | -7/Waste | Build established: Gunner 4397 | -7/Waste | Crushed by Compactor (1 part destroyed, 1 dropped) 4399 | -7/Waste | Spotted C-40 Crusher 4400 | -7/Waste | Crushed by Compactor (1 part destroyed, 2 dropped) 4407 | -7/Waste | Crushed by Compactor (1 part destroyed, 2 dropped) 4410 | -7/Waste | Crushed by Compactor (1 part destroyed, 2 dropped) 4413 | -7/Waste | Crushed by Compactor (1 part destroyed, 1 dropped) 4416 | -7/Waste | Spotted C-40 Crusher 4421 | -7/Waste | Spotted C-40 Crusher 4425 | -7/Waste | Crushed by Compactor (1 part destroyed, 1 dropped) 4431 | -7/Waste | Spotted C-40 Crusher 4437 | -7/Waste | Spotted C-40 Crusher 4440 | -7/Waste | EMP discharged 4441 | -7/Waste | Core integrity restored by X0-1V1 (+99) 4456 | -7/Waste | Lost 8 parts (4n1u3w) 4464 | -7/Waste | Discovered new exit (range 16) 4471 | -7/Waste | Entered Factory 4491 | -7/Factory | X0-1V1 released a cloud of subatomizers 4495 | -7/Factory | Core integrity permanently improved by X0-1V1 (+300) 4574 | -7/Factory | Weapon slot count temporarily expanded by X0-1V1 (+2) 4586 | -7/Factory | X0-1V1 vaporized surrounding terrain (radius 18) 4607 | -7/Factory | Lost 3 parts (2n1u) 4689 | -7/Factory | Build established: Mutant 4735 | -7/Factory | Core integrity fell below 50% 4758 | -7/Factory | Core integrity fell below 20% 4766 | -7/Factory | X0-1V1 rescued you from certain death 4870 | -7/Factory | System corruption reached 30% 4900 | -7/Factory | Lost 5 parts (1p1u3w) 4918 | -7/Factory | X0-1V1 sent you to a vault 5064 | -7/Factory | Lost 3 allies 5314 | -7/Factory | Sterilization system engaged 5314 | -7/Factory | Non-combat units ordered to evacuate 5412 | -7/Factory | Discovered new exit (range 5) 5414 | -7/Factory | Combat units ordered to evacuate 5422 | -7/Factory | Entered Lower Caves 5597 | -7/Lower Caves | Identified exit to Lower Caves 5597 | -7/Lower Caves | X0-1V1 revealed exit location to -7/Lower Caves 5823 | -7/Lower Caves | Crushed by falling debris 5823 | -7/Lower Caves | Smashed by cave-in Last Messages --------------- 05768_ System corrupted: FCS attempts to trigger Hvy. Ion Cannon. 05768_ System corrupted: Hvy. Ion Cannon misfires. 05778_ 2I-GKE(S) destroyed. 05784_ System corrupted: Energy discharge (-375). 05799_ System corrupted: Matter fused (-9). 05807_ X0-1V1 causes your matter storage to temporarily balloon in size. (+700 matter capacity) 05818_ System corrupted: Heat flow error (+236). 05823_ The unstable cave ceiling collapses. 05823_ Crushed by falling debris. 05823_ Aluminum Leg destroyed. 05823_ System corrupted by crushing effect (+4). 05823_ Katana destroyed. 05823_ System corrupted by crushing effect (+3). 05823_ X0-1V1 is amused. 05823_ X0-1V1 snickers! Map ----- +----------------------------------------------------+ | ?????????????????????????????????????????????????? | | ?????????????????????????????????????????????????? | | ?????????????????????????????????????????????????? | | ?????????????????????????????????????????????????? | | ?????????????????????????????????????????????????? | | ?????????????????????????????????????????????????? | | ?????????????????????????????????????????????????? | | ?????????????????????????????????????????????????? | | ?????????????????????????????????????????????????? | | ?????????????????????????????????????????????????? | | ?????????????????????????????????????????????????? | | ?????????????????????????????????????????????????? | | ?????????????????????????????????????????????????? | | ?????????????????????????????????????????????????? | | ?????????????????????????????????????????????????? | | ?????????????????????????????????????????????????? | | ?????????????????????????????????????????????????? | | ?????????????????????????????????????????????????? | | ?????????????????????????????????????????????????? | | ?????????????????????????????????????????????????? | | ?????????????????????????????????????????????????? | | ?????????????????????????????????????????????????? | | ?????????????????????????????????????????????????? | | ?????????????????????????????????????????????????? | | ???????????????????????#######???????????????????? | | ???????????????????????# @ ##??????????????????? | | ???????????????????????###### ##?????????????????? | | ????????????????????????????##"###???????????????? | | ?????????????????????????????## ##?####?????????# | | ??????????????????????????????# #?# ##????????# | | ??????????????????????????????# #?# #????????# | | ???????????????????????????#### #?# #?????#### | | ??????????????????????????## #?# #????# ## | | ?????????????? ???????## #?# ##??# # | | ????????????? #### ### ##? # | | ????????????? ### #? #? | | ????????????? ##?## ## #?? | | ??????????????# %! #### ##???### #?? | | ??????????????? ????# ##?????## #?? | | ??????????????????#???????# ##??????# #### | | ?????????????????????????## ##?????## ## | | ????????????????????????## #?????# ## | | ????????????????????????# ####### ## # | | ????????????????????????## ## ## # | | ?????????????????????????## #### # # | | ??????????????????????????# #??## | | ??????????????????????????# ##???## | | ??????????????????????????# ## #?????# | | ??????????????????????????###### #?????# | | ???????????????????????????????#####????# | +----------------------------------------------------+ Best States ------------- Heat Dissipation 87 Coolant Potential 65 Energy Generation 31 Energy Capacity 1675 Matter Stores 570 Matter Capacity 1000 Sight Range 19 Robot Scan Range 15 Terrain Scan Density 85 ECM Strength 2 Jamming Range 12 Armor Coverage 800 Resistance: KI 17 Weapon Cycling 15 Evasion (%) 50 Targeting Accuracy 20 Recoil Reduction 2 Particle Charging 20 Defensive Hacking 10 Item Schematics ----------------- Grenade Launcher | -7/Factory | Scanalyzed Robot Schematics ------------------ None Fabricated ------------ Grenade Launcher | x1 | -7/Factory Repaired ---------- Lgt. Treads | 18% | -8/Materials Spread Laser | 5% | -8/Materials Wheel | 10% | -8/Materials Studied --------- Wheel | -7/Factory | Hacked Com. Wheel | -7/Factory | Hacked Spread Laser | -7/Factory | Hacked Alien Tech Used ----------------- None Achievements -------------- A Problem For Future Me Into The Furnace Challenges ------------ None Game ------ Seed LinearBraceLoader Manual? 0 Play Time 00:54:03 Cumulative 73.6 hours Start 2026.07.11 @ 22:29:02 End 2026.07.11 @ 23:21:12 Sessions 1 Manual Loads 0 Difficulty Rogue Special Mode None Game No. 83 Rogue 83 Adventurer 0 Explorer 0 Win Type - Total 2 Types 2/0/0/0/0/0/0/0/0/0 Lore% 28 Gallery% 40 Achievement% 31 Wizard Run 0 Options --------- Layout 1 ASCII 0 Keyboard 0 Movement Mouse Keybinds 0 Fullscreen 1 Font 24/Smallcaps Map View 50x35 Zoom Use 33% Tactical HUD 1 Map Filters NONE Filters NONE Steam 1 RUN: 2ddb3aa3-43fc-46f9-a8ee-9fc34ac37205